[Event "Team 45 45 League T88"]
[Site "Internet Chess Club"]
[Date "2021.04.11"]
[Round "1"]
[White "Grenadier"]
[Black "Electryon"]
[Result "1/2-1/2"]
[WhiteElo "1560"]
[BlackElo "1363"]
[Opening "French: advance, Euwe variation"]
[ECO "C02"]
[Time "14:00:55"]
[TimeControl "2700+45"]

1. e4 e6 2. d4 d5 3. e5 c5 4. c3 Nc6 5. Nf3 Bd7 6. Bd3 cxd4 7. cxd4 Qb6 8. O-O
Nxd4 9. Nxd4 Qxd4 10. Nc3 a6 11. Qe2 Ne7 12. Rd1 Nc6 13. Bxa6 Qxe5 14. Qxe5 Nxe5
15. Bxb7 Rb8 16. Ba6 Rb6 17. Bf1 Bc5 18. a3 Rb3 19. Nxd5 exd5 20. Rxd5 Bxf2+ 21.
Kxf2 Ng4+ 22. Kg1 Nf6 23. Rd3 Be6 24. Rxb3 Bxb3 25. Bb5+ Ke7 26. Bg5 Rb8 27.
Re1+ Kf8 28. a4 Nd5 29. Bd2 Nb6 30. Re4 f6 31. Be3 Nd5 32. Bc5+ Kf7 33. Kf2 Rc8
34. Ba3 Rc2+ 35. Ke1 Rxg2 36. Be8+ Kg8 37. Bc6 Kf7 38. Re2 Rxe2+ 39. Kxe2 Nc7
40. Kd3 Ke6 41. Kc3 Bd5 42. Bxd5+ Kxd5 43. b4 Kc6 44. Bc1 Nd5+ 45. Kc4 Nb6+ 46.
Kb3 g5 47. b5+ Kb7 48. a5 Nd5 49. Kc4 Nc7 50. Kc5 h6 51. Bb2 f5 52. Bd4 Ne6+ 53.
Kd5 Nxd4 54. Kxd4 f4 55. Ke4 h5 56. Kf3 h4 57. Kg4 Ka7 58. Kf3 Kb7 {Game drawn
by mutual agreement} 1/2-1/2

[Event "Team 45 45 League T88"]
[Site "Internet Chess Club"]
[Date "2021.04.12"]
[Round "1"]
[White "tryanything"]
[Black "GoIrish"]
[Result "1/2-1/2"]
[WhiteElo "1493"]
[BlackElo "1403"]
[Opening "French: Two knights variation"]
[ECO "C00"]
[Time "19:26:54"]
[TimeControl "2700+45"]

1. e4 e6 2. Nf3 d5 3. Nc3 c5 4. exd5 exd5 5. Bb5+ Nc6 6. Qe2+ Ne7 7. Ne5 Qd6 8.
d4 cxd4 9. Bf4 dxc3 10. Nxc6 Qxf4 11. Nxe7+ Kd8 12. Nxd5 Qd2+ 13. Qxd2 cxd2+ 14.
Kxd2 Be6 15. Rhe1 Bxd5 16. Re8+ Kc7 17. Rxa8 Bb4+ 18. c3 Bxc3+ 19. Kxc3 Rxa8 20.
f3 Kb6 21. a4 Rc8+ 22. Kd2 Be6 23. Ra3 a6 24. Bd3 Rd8 25. b4 a5 26. b5 Kc5 27.
Kc3 b6 28. g3 h6 29. h4 g5 30. hxg5 hxg5 31. Ra1 Rd4 32. Ra3 {Game drawn by
mutual agreement} 1/2-1/2

[Event "Team 45 45 League T88"]
[Site "Internet Chess Club"]
[Date "2021.04.09"]
[Round "1"]
[White "seattleblues"]
[Black "clarinetref"]
[Result "1-0"]
[WhiteElo "1329"]
[BlackElo "1475"]
[Opening "QGD semi-Slav"]
[ECO "D43"]
[Time "21:04:01"]
[TimeControl "2700+45"]

1. d4 d5 2. Nf3 Nf6 3. c4 e6 4. Nc3 c6 5. Bf4 b6 6. e3 Be7 7. Qc2 Bb7 8. Rd1 Na6
9. a3 Rc8 10. Qb1 Nc7 11. Bd3 dxc4 12. Bxc4 Ncd5 13. Nxd5 Nxd5 14. Bg3 a6 15.
O-O Bd6 16. Bxd6 Qxd6 17. e4 Ne7 18. e5 Qc7 19. b4 c5 20. Qb3 cxd4 21. Rxd4 Bxf3
22. Qxf3 Qxe5 23. Re4 Qf5 24. Rf4 Qg6 25. Bxa6 Nd5 26. Bb5+ Ke7 27. Rg4 Qf6 28.
Qe2 h5 29. Rg3 g5 30. Rf3 Nf4 31. Qe3 Qf5 32. Qxb6 Rb8 33. Qa7+ Kf6 34. Bd3 Qd5
35. Qa6 Rhd8 36. Be2 Kg7 37. Bc4 Qe4 38. Kh1 Ra8 39. Qb5 Rxa3 40. Qxg5+ Kf8 41.
Qxd8+ Kg7 42. Qg5+ Kf8 43. Rxa3 f6 44. Qxf6+ {Black resigns} 1-0

[Event "Team 45 45 League T88"]
[Site "Internet Chess Club"]
[Date "2021.04.08"]
[Round "1"]
[White "Draconian"]
[Black "handsomematch"]
[Result "0-1"]
[WhiteElo "1660"]
[BlackElo "1426"]
[Opening "Giuoco Piano: Anderssen variation"]
[ECO "C54"]
[Time "19:00:27"]
[TimeControl "2700+45"]

1. e4 e5 2. Nf3 Nc6 3. Bc4 Bc5 4. c3 Nf6 5. d4 exd4 6. e5 d5 7. Bb5 Ne4 8. cxd4
Bb4+ 9. Bd2 Bxd2+ 10. Nbxd2 Nxd2 11. Qxd2 O-O 12. Bxc6 bxc6 13. Qc2 Bd7 14. Rc1
Qe7 15. O-O Rfb8 16. Nd2 f6 17. exf6 Qxf6 18. Nf3 Rb6 19. Ne5 Qd6 20. Qc5 Rxb2
21. Qxd6 cxd6 22. Nxd7 Rd8 23. Rxc6 Rxd7 24. Rfc1 Rxa2 25. Rc8+ Kf7 26. R8c7
Rxc7 27. Rxc7+ Ke6 28. g4 Kf6 29. Rd7 Ra6 30. f4 Rb6 31. Rxa7 Rb4 32. g5+ Kg6
33. Kg2 Rxd4 34. Kg3 h6 35. h4 Rd3+ 36. Kg2 hxg5 37. hxg5 Kf5 38. Ra8 Kxf4 39.
Rd8 Kxg5 40. Rxd6 Kf4 41. Rg6 Ke3 42. Rxg7 Ke2 43. Re7+ Re3 44. Rd7 Rd3 45. Re7+
Kd1 46. Kf2 d4 47. Rd7 Kc2 48. Rc7+ Rc3 49. Rd7 d3 50. Ke3 Rc6 51. Rd4 Re6+ 52.
Kf3 d2 53. Rxd2+ Kxd2 {White resigns} 0-1

[Event "Team 45 45 League T88"]
[Site "Internet Chess Club"]
[Date "2021.04.10"]
[Round "1"]
[White "aec7r3b"]
[Black "BrianWood"]
[Result "1-0"]
[WhiteElo "1213"]
[BlackElo "1446"]
[Opening "Sicilian: Marshall variation"]
[ECO "B41"]
[Time "17:00:53"]
[TimeControl "2700+45"]

1. e4 c5 2. Nf3 e6 3. d4 d5 4. exd5 exd5 5. Bb5+ Bd7 6. Bxd7+ Nxd7 7. O-O Ngf6
8. Re1+ Be7 9. Bg5 O-O 10. Nc3 Ne4 11. Nxe4 dxe4 12. Bxe7 Qxe7 13. Nd2 cxd4 14.
Rxe4 Qd6 15. Nc4 Qf6 16. Qxd4 Nc5 17. Qxc5 Rac8 18. Qd4 Qxd4 19. Rxd4 b5 20. Nd6
Rxc2 21. Nxb5 Rxb2 22. Nxa7 Rfb8 23. Rdd1 g5 24. Nc6 Re8 25. Rd8 Re2 26. Rxe8+
Rxe8 27. Rd1 Ra8 28. Rd8+ Rxd8 29. Nxd8 Kf8 30. a4 Ke8 31. Nc6 Kd7 32. Ne5+ Kc7
33. Nxf7 g4 34. Ng5 h5 35. Ne6+ Kb6 36. Ng7 h4 37. Nf5 h3 38. gxh3 gxh3 39. f4
Ka5 40. Nd4 Kxa4 41. f5 Ka5 42. f6 Kb6 43. f7 Kc7 44. f8=Q {Black resigns} 1-0

[Event "Team 45 45 League T88"]
[Site "Internet Chess Club"]
[Date "2021.04.08"]
[Round "1"]
[White "cap78red"]
[Black "eevee11"]
[Result "1/2-1/2"]
[WhiteElo "1415"]
[BlackElo "1013"]
[Opening "Grünfeld: 5.e3"]
[ECO "D94"]
[Time "12:57:55"]
[TimeControl "2700+45"]

1. c4 Nf6 2. Nc3 d5 3. e3 g6 4. d4 Bg7 5. Nf3 O-O 6. Be2 c5 7. dxc5 dxc4 8. Qxd8
Rxd8 9. Bxc4 Nc6 10. Ng5 e6 11. Bd2 Nd7 12. O-O-O Nxc5 13. Nce4 Nd3+ 14. Bxd3
Rxd3 15. Bc3 Rxd1+ 16. Rxd1 Bxc3 17. bxc3 e5 18. Nd6 f5 19. Nxc8 Rxc8 20. Rd7 h6
21. Nh7 Nb4 22. Nf6+ Kf8 23. Nh7+ Ke8 24. Nf6+ Kf8 25. Kb2 Nc6 26. Rxb7 Rd8 27.
Nd7+ Ke8 28. Nf6+ Kf8 29. Nd7+ Ke8 30. Nf6+ Kf8 {Game drawn by repetition}
1/2-1/2

[Event "Team 45 45 League T88"]
[Site "Internet Chess Club"]
[Date "2021.04.11"]
[Round "1"]
[White "buptwy"]
[Black "trogers41"]
[Result "0-1"]
[WhiteElo "1095"]
[BlackElo "1263"]
[Opening "Ruy Lopez: closed, Flohr-Zaitsev system (Lenzerheide variation)"]
[ECO "C92"]
[Time "16:01:00"]
[TimeControl "2700+45"]

1. e4 e5 2. Nf3 Nc6 3. Bb5 a6 4. Ba4 Nf6 5. O-O Be7 6. Re1 b5 7. Bb3 d6 8. c3
O-O 9. h3 Bb7 10. d4 h6 11. Nbd2 Re8 12. Nf1 Bf8 13. Ng3 Ne7 14. Bc2 Nc6 15. Nf5
exd4 16. cxd4 Nb4 17. d5 Nxc2 18. Qxc2 Bc8 19. Bf4 Bxf5 20. exf5 Nxd5 21. Bd2
Qd7 22. Re4 Nf6 23. Ree1 c5 24. Rad1 Rxe1+ 25. Rxe1 Re8 26. Be3 Ne4 27. Rd1 Qxf5
28. Nd2 Qe6 29. Nxe4 Qxe4 30. Qxe4 Rxe4 31. Kh2 f5 32. Rd5 Re5 33. Rd3 g5 34.
Ra3 f4 35. Bc1 d5 36. Rxa6 d4 37. Ra3 c4 38. Rf3 d3 39. b3 Re2 40. bxc4 bxc4 41.
a3 d2 42. Bxd2 Rxd2 43. Kg1 Rd3 44. Kf1 Rxf3 45. gxf3 Bxa3 46. Ke2 Bb2 47. Kd1
c3 48. Kc2 Kf7 49. Kd3 Kg6 50. Kc2 Kh5 51. Kd3 Kh4 52. Kc2 Kxh3 53. Kd3 Kg2 54.
Kc2 h5 55. Kb1 h4 56. Kc2 h3 57. Kd1 h2 58. Ke2 h1=Q 59. Kd3 Qe1 60. Kc4 c2 61.
Kb3 c1=Q 62. Ka4 Qc4# {White checkmated} 0-1

[Event "Team 45 45 League T88"]
[Site "Internet Chess Club"]
[Date "2021.04.09"]
[Round "1"]
[White "fvafier"]
[Black "ascoli"]
[Result "0-1"]
[WhiteElo "1518"]
[BlackElo "1773"]
[Opening "King's Indian, 3.Nf3"]
[ECO "E61"]
[Time "12:00:39"]
[TimeControl "2700+45"]

1. d4 Nf6 2. Nf3 g6 3. c4 Bg7 4. Nc3 O-O 5. Bg5 d6 6. h3 h6 7. Be3 Nc6 8. Qd2
Kh7 9. O-O-O a6 10. Kb1 Rb8 11. Bf4 b5 12. cxb5 axb5 13. e3 b4 14. Na4 Ne4 15.
Qc2 Bf5 16. Bd3 d5 17. Nh4 Bd7 18. Bh2 e5 19. Bxe4 dxe4 20. d5 Na5 21. Qxe4 Bxa4
22. b3 Bd7 23. Nf3 Bf5 {White resigns} 0-1

[Event "Team 45 45 League T88"]
[Site "Internet Chess Club"]
[Date "2021.04.11"]
[Round "1"]
[White "Constrictor"]
[Black "dalmata"]
[Result "1-0"]
[WhiteElo "1539"]
[BlackElo "1543"]
[Opening "Nimzovich-Larsen attack: modern variation"]
[ECO "A01"]
[Time "14:00:36"]
[TimeControl "2700+45"]

1. b3 e5 2. Bb2 Nc6 3. e3 d6 4. Bb5 Bd7 5. Nf3 Nge7 6. O-O a6 7. Be2 Ng6 8. c4
Be7 9. Nc3 Be6 10. Nd5 Bxd5 11. cxd5 Nb4 12. e4 a5 13. a3 Na6 14. Bb5+ Kf8 15.
d4 Bf6 16. Qc2 h5 17. Rfc1 h4 18. Bxa6 bxa6 19. Qxc7 Nf4 20. Qxd8+ Bxd8 21. Rc4
exd4 22. Bxd4 Ne2+ 23. Kf1 Nxd4 24. Nxd4 Bf6 25. Rac1 Bxd4 26. Rxd4 Ke7 27. Rdc4
Kf6 28. f4 g5 29. fxg5+ Kxg5 30. Rc7 f5 31. exf5 Kxf5 32. Re1 Rab8 33. Rc6 Rxb3
34. Rxd6 Rxa3 35. Rxa6 Rd8 36. Rd1 Ke4 37. d6 Rd3 38. Rxd3 Kxd3 39. Rxa5 Rxd6
40. Ra3+ Kc2 41. g3 hxg3 42. hxg3 Rg6 43. Kg2 Kd2 44. Kh3 Rh6+ 45. Kg4 Ke2 46.
Kf4 Rf6+ 47. Kg5 Rf8 48. g4 Rg8+ 49. Kf4 {Black resigns} 1-0

[Event "Team 45 45 League T88"]
[Site "Internet Chess Club"]
[Date "2021.04.10"]
[Round "1"]
[White "Denis240964"]
[Black "Gojira"]
[Result "0-1"]
[WhiteElo "1480"]
[BlackElo "1532"]
[Opening "Sicilian: Hungarian variation"]
[ECO "B27"]
[Time "08:00:46"]
[TimeControl "2700+45"]

1. e4 c5 2. Nf3 g6 3. Nc3 Nc6 4. d3 Bg7 5. Bd2 Nf6 6. g3 d6 7. Bg2 Rb8 8. O-O b5
9. Rb1 e6 10. h3 b4 11. Ne2 Bb7 12. Ne1 d5 13. f4 dxe4 14. dxe4 Nd4 15. e5 Ne4
16. Bxe4 Bxe4 17. Nxd4 Qxd4+ 18. Rf2 O-O 19. Qe2 Rfd8 20. Be3 Qd5 21. b3 Bf8 22.
Nf3 Be7 23. Rc1 Qb7 24. Nd2 Bc6 25. Nc4 Qa6 26. Ra1 Rd7 27. Qe1 Bb5 28. Nd2 Rbd8
29. Ne4 Qc6 30. Nd2 Ba6 31. Nf3 Bb7 32. Kg2 a5 33. Qe2 Ba6 34. Qe1 c4 35. Rc1 c3
36. g4 Bh4 37. Qg1 Bxf2 38. Kxf2 Bb7 39. Qg3 Qxf3+ 40. Qxf3 Bxf3 41. Kxf3 Rd1
42. Ke2 Rxc1 43. Bxc1 Rd5 44. Be3 g5 45. Kf3 gxf4 46. Kxf4 Kg7 47. Ke4 Rd1 48.
Bb6 Rd5 49. Bd4 Kg6 50. h4 h6 51. Bb6 f6 52. exf6 Kxf6 53. Be3 Kg6 54. h5+ Kg7
55. Bf4 Rd1 56. Bc7 Rd5 57. Be5+ Kh7 58. Bd4 Kg8 59. Be3 Rd2 60. Bb6 Rxc2 61.
Bxa5 Re2+ 62. Kd3 c2 63. Kxe2 c1=Q 64. Bxb4 Qc2+ 65. Bd2 Qxa2 66. b4 Qc4+ 67.
Kf3 Kh7 68. Be1 Qf1+ 69. Bf2 Qd1+ 70. Kg3 Qb3+ {White resigns} 0-1

[Event "Team 45 45 League T88"]
[Site "Internet Chess Club"]
[Date "2021.04.08"]
[Round "1"]
[White "Visin"]
[Black "monkhammer"]
[Result "0-1"]
[WhiteElo "1247"]
[BlackElo "1561"]
[Opening "Giuoco Piano"]
[ECO "C50"]
[Time "11:00:14"]
[TimeControl "2700+45"]

1. e4 e5 2. Nf3 Nc6 3. Bc4 Bc5 4. O-O Nf6 5. d3 d6 6. Bg5 h6 7. Bh4 g5 8. Bg3
Be6 9. c3 Bxc4 10. dxc4 Nxe4 11. b4 Nxg3 12. hxg3 Bb6 13. Nbd2 O-O 14. Ne4 Qe7
15. Nh2 f5 16. Qd5+ Kg7 17. Nd2 Rac8 18. Nb3 Rce8 19. Rad1 Qe6 20. c5 Qxd5 21.
Rxd5 dxc5 22. bxc5 Ba5 23. Nxa5 Nxa5 24. Nf3 Nc6 25. Rfd1 e4 26. Nd4 Nxd4 27.
R1xd4 c6 28. Rd7+ Rf7 29. Kf1 Re5 30. Rxf7+ Kxf7 31. Rd7+ Re7 32. Rd6 h5 33. Ke2
a5 34. Kd2 Re5 35. Rh6 Rxc5 36. Rxh5 Kg6 37. Rh8 b5 38. Rd8 Rd5+ 39. Rxd5 cxd5
40. f3 Kf6 41. f4 g4 42. Ke3 Ke7 43. a3 Kd6 44. Kd4 Kc6 {White resigns} 0-1

[Event "Team 45 45 League T88"]
[Site "Internet Chess Club"]
[Date "2021.04.12"]
[Round "1"]
[White "Portola"]
[Black "Signofthetimes"]
[Result "1/2-1/2"]
[WhiteElo "1738"]
[BlackElo "1595"]
[Opening "Queen's pawn"]
[ECO "A40"]
[Time "09:00:23"]
[TimeControl "2700+45"]

1. d4 c6 2. Nf3 d5 3. c3 Nf6 4. Bg5 Qb6 5. Qb3 Qxb3 6. axb3 Bf5 7. Nbd2 Nbd7 8.
e3 e6 9. Be2 Be7 10. h3 Ne4 11. Bf4 O-O 12. O-O Nxd2 13. Nxd2 Rfc8 14. b4 Bf6
15. Nf3 Re8 16. Rfe1 a6 17. Bg3 e5 18. dxe5 Bxe5 19. Nxe5 Nxe5 20. Red1 Rad8 21.
Rd4 f6 22. Kf1 Kf8 23. Ke1 Rd7 24. Kf1 Nf7 25. Ra5 Be6 26. Ra1 Red8 27. Bd3 g6
28. Be2 Kg7 29. Rad1 Nd6 30. R4d2 Ne4 31. Rd4 Nxg3+ 32. fxg3 Re8 33. Re1 Rde7
34. Kf2 Bf5 35. Bf3 h5 36. Rdd1 Be4 37. Ra1 Bxf3 {Game drawn by mutual
agreement} 1/2-1/2

[Event "Team 45 45 League T88"]
[Site "Internet Chess Club"]
[Date "2021.04.12"]
[Round "1"]
[White "scostanzo212"]
[Black "rubo"]
[Result "1-0"]
[WhiteElo "1581"]
[BlackElo "1453"]
[Opening "Budapest: Adler variation"]
[ECO "A52"]
[Time "19:03:24"]
[TimeControl "2700+45"]

1. d4 Nf6 2. c4 e5 3. dxe5 Ng4 4. Nf3 Bc5 5. e3 Nc6 6. a3 a5 7. Qd5 Qe7 8. Be2
f6 9. exf6 Nxf6 10. Qd3 O-O 11. O-O d6 12. Nc3 Ne5 13. Nxe5 Qxe5 14. Nd5 c6 15.
Nxf6+ Rxf6 16. Bd2 Rh6 17. g3 Bf5 18. Qc3 Qe4 19. f3 Qe7 20. Kh1 Bh3 21. Rfe1
Qd7 22. Bf1 Bxf1 23. Rxf1 Qh3 24. Rf2 Qxg3 25. Rg1 Qe5 26. Qxe5 dxe5 27. Rfg2 g6
28. Rg5 Bd6 29. Bc3 Re8 30. Rd1 Re6 31. b4 axb4 32. axb4 e4 33. f4 Rh3 34. c5
Be7 35. Rg3 Rh5 36. Rd7 Rd5 37. Rxb7 Rd1+ 38. Kg2 Rc1 39. Bd4 Rc2+ 40. Kh3 Bf6
41. f5 Re7 42. Rxe7 Bxe7 43. fxg6 h6 44. Rg4 Bg5 45. Rxe4 Rc4 46. Re8# {Black
checkmated} 1-0

[Event "Team 45 45 League T88"]
[Site "Internet Chess Club"]
[Date "2021.04.09"]
[Round "1"]
[White "nosir"]
[Black "Kingofknights"]
[Result "0-1"]
[WhiteElo "1405"]
[BlackElo "1532"]
[Opening "Caro-Kann: Panov-Botvinnik attack, 5...e6"]
[ECO "B14"]
[Time "17:00:47"]
[TimeControl "2700+45"]

1. e4 c6 2. d4 d5 3. exd5 cxd5 4. c4 Nf6 5. Nc3 e6 6. Nf3 Nc6 7. cxd5 Nxd5 8.
Bd2 Be7 9. a3 Bf6 10. Nxd5 Qxd5 11. Bc3 O-O 12. Be2 Rd8 13. Ne5 Nxe5 14. dxe5
Qxg2 15. Bf3 Rxd1+ 16. Ke2 Rxh1 17. Bxg2 Rxa1 18. exf6 Rg1 19. Bf3 g6 20. Be4 a5
21. h3 Ra6 22. f4 b5 23. Bd3 Bd7 24. Kf2 Rh1 25. Kg3 Rd6 26. Be4 Re1 27. Kf3
Rxe4 28. Kxe4 a4 29. Bb4 Rd1 30. h4 h5 31. Kf3 Bc6+ 32. Kg3 Rd3+ 33. Kh2 Rf3 34.
Bd6 Rf2+ 35. Kg3 Rxb2 36. Bb4 Rxb4 {White resigns} 0-1

[Event "Team 45 45 League T88"]
[Site "Internet Chess Club"]
[Date "2021.04.12"]
[Round "1"]
[White "tightfist"]
[Black "SeniorCitizen"]
[Result "1-0"]
[WhiteElo "1440"]
[BlackElo "1226"]
[Opening "Queen's pawn game, Chigorin variation"]
[ECO "A04"]
[Time "14:01:03"]
[TimeControl "2700+45"]

1. Nf3 Nc6 2. d4 d5 3. e3 e6 4. c4 Nf6 5. Nc3 Be7 6. Be2 O-O 7. O-O b6 8. a3 Bb7
9. Qc2 Bd6 10. b4 a5 11. b5 Na7 12. cxd5 exd5 13. Bb2 c5 14. bxc6 Bxc6 15. Rac1
Rc8 16. Qb3 Ne4 17. Nxe4 dxe4 18. Ne5 Be8 19. Ba6 Rxc1 20. Rxc1 a4 21. Qc2 Kh8
22. Qxe4 f6 23. Nc4 b5 24. Nxd6 Qxd6 25. Bb7 f5 26. Qd5 Qb6 27. Qc5 Qxc5 28.
Rxc5 f4 29. exf4 Rxf4 30. Re5 Rf8 31. f3 Nc6 32. Bxc6 Bxc6 33. d5 Bd7 34. Re7
Bf5 35. Bxg7+ {Black resigns} 1-0

[Event "Team 45 45 League T88"]
[Site "Internet Chess Club"]
[Date "2021.04.10"]
[Round "1"]
[White "primerpaso"]
[Black "MacroPawn"]
[Result "1-0"]
[WhiteElo "1841"]
[BlackElo "1817"]
[Opening "English: symmetrical variation"]
[ECO "A38"]
[Time "09:00:25"]
[TimeControl "2700+45"]

1. c4 Nf6 2. Nc3 g6 3. g3 Bg7 4. Bg2 c5 5. Nf3 Nc6 6. d4 cxd4 7. Nxd4 O-O 8. O-O
Nxd4 9. Qxd4 d6 10. Qh4 h5 11. Bg5 Re8 12. Rfd1 Qa5 13. Nb5 d5 14. b4 Qb6 15.
Be3 Qc6 16. Rac1 e5 17. Nxa7 Qa4 18. Nxc8 Rexc8 19. cxd5 Qxa2 20. d6 Rxc1 21.
Rxc1 Qe6 22. Bc5 Bh6 23. Rd1 Qb3 24. Rf1 g5 25. Qh3 g4 26. Qh4 Qe6 27. f3 Nd7
28. fxg4 Nxc5 29. bxc5 Be3+ 30. Kh1 Bxc5 31. Qg5+ Qg6 32. Qxh5 {Black resigns}
1-0

[Event "Team 45 45 League T88"]
[Site "Internet Chess Club"]
[Date "2021.04.10"]
[Round "1"]
[White "gera-carp75"]
[Black "VictorRed"]
[Result "1/2-1/2"]
[WhiteElo "1834"]
[BlackElo "1680"]
[Opening "QGD: 6.Nf3"]
[ECO "D55"]
[Time "23:04:26"]
[TimeControl "2700+45"]

1. Nf3 d5 2. d4 Nf6 3. c4 e6 4. Nc3 Be7 5. Bg5 O-O 6. e3 c6 7. cxd5 cxd5 8. Bd3
Nc6 9. Rc1 Ne8 10. Bxe7 Qxe7 11. O-O f5 12. a3 a6 13. Re1 Nf6 14. Re2 Ne4 15.
Qb3 Na5 16. Qa4 Qd8 17. Ne5 b5 18. Qb4 Qb6 19. Bxe4 fxe4 20. Na4 Qd8 21. Nc5 Nc4
22. Nxc4 bxc4 23. b3 a5 24. Qa4 cxb3 25. Qxb3 Qe7 26. Rb2 Ba6 27. Rcb1 Bc4 28.
Qb6 e5 29. dxe5 Rac8 30. Qe6+ Qxe6 31. Nxe6 Rfe8 32. Nd4 Rxe5 33. Rb8 Ree8 34.
Nc6 Rxb8 35. Rxb8 Rxb8 36. Nxb8 Bb5 37. f4 exf3 38. gxf3 Kf8 39. Kf2 Ke8 40. Ke1
Kd8 41. a4 Bxa4 42. Na6 Bb5 43. Nc5 Ke7 44. Kd2 a4 45. Kc3 Kd6 46. Kb4 Be2 47.
Nxa4 Bxf3 48. Kc3 h5 49. Kd4 g5 50. Nc3 g4 51. e4 Bxe4 52. Nxe4+ dxe4 53. Kxe4
Ke6 54. Kf4 Kf6 55. h3 gxh3 56. Kg3 Kg5 57. Kh2 Kg4 58. Kh1 {Game drawn by
mutual agreement} 1/2-1/2

[Event "Team 45 45 League T88"]
[Site "Internet Chess Club"]
[Date "2021.04.11"]
[Round "1"]
[White "QuieroAprender"]
[Black "evan7284"]
[Result "0-1"]
[WhiteElo "1740"]
[BlackElo "1696"]
[Opening "Petrov: Nimzovich attack"]
[ECO "C42"]
[Time "06:02:23"]
[TimeControl "2700+45"]

1. e4 e5 2. Nf3 Nf6 3. Nxe5 d6 4. Nf3 Nxe4 5. Nc3 Nxc3 6. dxc3 Be7 7. Bd3 Nc6 8.
h3 Be6 9. b4 Bf6 10. Bb2 Nxb4 11. cxb4 Bxb2 12. Rb1 Bc3+ 13. Kf1 Bxa2 14. Ra1
Be6 15. Ra4 O-O 16. Bxh7+ Kxh7 17. Qd3+ Kg8 18. Qxc3 Bd7 19. Ra5 Qf6 20. Qxf6
gxf6 21. Ke2 b6 22. Ra3 Rfe8+ 23. Kd2 a5 24. bxa5 bxa5 25. Rb1 a4 26. Rb7 Rec8
27. Nd4 {White resigns} 0-1

[Event "Team 45 45 League T88"]
[Site "Internet Chess Club"]
[Date "2021.04.10"]
[Round "1"]
[White "dabodhi"]
[Black "Portola"]
[Result "0-1"]
[WhiteElo "1512"]
[BlackElo "1732"]
[Opening "French: Two knights variation"]
[ECO "C00"]
[Time "17:10:44"]
[TimeControl "2700+45"]

1. e4 e6 2. Nf3 d5 3. Nc3 dxe4 4. Nxe4 Be7 5. d4 Nd7 6. Bd3 Ngf6 7. Nxf6+ Nxf6
8. Ne5 O-O 9. O-O c6 10. Re1 Qc7 11. Bf4 Bd6 12. c4 b6 13. c5 Bxe5 14. Bxe5 Qd8
15. Rc1 Bb7 16. Qf3 Qd5 17. Qh3 Rfe8 18. Qh4 Qd8 19. Re3 h6 20. Rg3 Kf8 21. Rxg7
Kxg7 22. Bxf6+ Qxf6 23. Qg3+ Qg5 {White resigns} 0-1

[Event "Team 45 45 League T88"]
[Site "Internet Chess Club"]
[Date "2021.04.10"]
[Round "1"]
[White "Packerfan"]
[Black "fhunfi"]
[Result "1-0"]
[WhiteElo "1844"]
[BlackElo "1678"]
[Opening "English: Bremen, Smyslov system"]
[ECO "A21"]
[Time "10:00:48"]
[TimeControl "2700+45"]

1. c4 e5 2. Nc3 Bb4 3. g3 Nf6 4. Bg2 Nc6 5. d3 O-O 6. e4 Bxc3+ 7. bxc3 d6 8. Ne2
Bg4 9. O-O Qd7 10. Rb1 Na5 11. Be3 b6 12. Qc2 Bh3 13. f4 Bxg2 14. Kxg2 Ng4 15.
Bd2 exf4 16. Nxf4 Ne5 17. h3 f6 18. Nd5 Rf7 19. Bf4 Raf8 20. Bxe5 fxe5 21. Ne3
Rxf1 22. Rxf1 Rxf1 23. Nxf1 g6 24. Ne3 Nb7 25. Nd5 Qf7 26. Qf2 Qxf2+ 27. Kxf2
Nc5 28. Ke3 Ne6 29. d4 Kf7 30. Nb4 c5 31. Nc6 exd4+ 32. cxd4 Nxd4 33. Nxa7 Ke6
34. Nc8 b5 35. cxb5 Nxb5 36. a4 Nc7 37. Nb6 Na6 38. a5 Nb4 39. h4 h6 40. g4 g5
41. h5 Na6 42. Nd5 Kf7 43. Kd3 Ke6 44. Ne3 Ke5 45. Nf5 c4+ 46. Kxc4 Kxe4 47.
Nxd6+ Kf4 48. Nf5 Kxg4 49. Nxh6+ Kxh5 50. Nf5 Kg4 51. Nd4 Kf4 52. Kb5 Ke4 53.
Kxa6 Kxd4 54. Kb5 g4 55. a6 {Black resigns} 1-0

[Event "Team 45 45 League T88"]
[Site "Internet Chess Club"]
[Date "2021.04.11"]
[Round "1"]
[White "walkover"]
[Black "DeepPoo"]
[Result "1/2-1/2"]
[WhiteElo "1754"]
[BlackElo "1769"]
[Opening "QGD: Chigorin defense"]
[ECO "D07"]
[Time "12:17:21"]
[TimeControl "2700+45"]

1. d4 d5 2. c4 Nc6 3. cxd5 Qxd5 4. e3 e5 5. Nc3 Bb4 6. Bd2 Bxc3 7. Bxc3 exd4 8.
Ne2 Nf6 9. Nxd4 O-O 10. Be2 Nxd4 11. Qxd4 Be6 12. Qh4 Ne8 13. O-O h6 14. e4 Qc6
15. Rac1 Qb6 16. Kh1 f6 17. f4 Nd6 {Game drawn by mutual agreement} 1/2-1/2

[Event "Team 45 45 League T88"]
[Site "Internet Chess Club"]
[Date "2021.04.09"]
[Round "1"]
[White "Boxermam"]
[Black "tacticaltal"]
[Result "1-0"]
[WhiteElo "1694"]
[BlackElo "1633"]
[Opening "Two knights defense (Modern bishop's opening)"]
[ECO "C55"]
[Time "20:00:24"]
[TimeControl "2700+45"]

1. e4 e5 2. Nf3 Nc6 3. Bc4 Nf6 4. d3 h6 5. Nc3 Be7 6. O-O O-O 7. h3 d6 8. a3 Bd7
9. Be3 Qc8 10. d4 exd4 11. Nxd4 Nxd4 12. Bxd4 Be6 13. Nd5 Nxd5 14. exd5 Bf5 15.
Re1 Qd8 16. Bd3 Bxd3 17. Qxd3 Bf6 18. Re2 Bxd4 19. Qxd4 Qd7 20. Rae1 Rae8 21.
Qxa7 b6 22. Rxe8 Rxe8 23. Rxe8+ Qxe8 24. Qxc7 Qe1+ 25. Kh2 Qe5+ 26. g3 Qxd5 27.
Qxb6 Qf5 28. c4 Qc2 29. b3 Qa2 30. a4 {Black resigns} 1-0

[Event "Team 45 45 League T88"]
[Site "Internet Chess Club"]
[Date "2021.04.14"]
[Round "1"]
[White "dabodhi"]
[Black "clarinetref"]
[Result "1-0"]
[WhiteElo "1521"]
[BlackElo "1460"]
[Opening "Sicilian: closed, 2...Nc6"]
[ECO "B23"]
[Time "21:03:30"]
[TimeControl "2700+45"]

1. e4 c5 2. Nc3 Nc6 3. Bb5 Nd4 4. Bc4 a6 5. a4 d6 6. Nge2 Be6 7. Bxe6 Nxe6 8. d4
cxd4 9. Nxd4 Nxd4 10. Qxd4 Nf6 11. O-O g6 12. Nd5 Bg7 13. Bg5 O-O 14. c4 h6 15.
Bxf6 exf6 16. Rae1 f5 17. Qd2 fxe4 18. Rxe4 Rb8 19. Rfe1 Kh7 20. a5 b5 21. axb6
Rxb6 22. Nxb6 Qxb6 23. b4 Bf6 24. h4 Be5 25. h5 g5 26. c5 Qb8 27. Qd3 f5 28.
Rxe5 dxe5 29. Qd7+ Kh8 30. Rd1 Qe8 31. c6 Qc8 32. c7 Qxd7 33. Rxd7 {Black
resigns} 1-0

[Event "Team 45 45 League T88"]
[Site "Internet Chess Club"]
[Date "2021.04.11"]
[Round "1"]
[White "sdcohle"]
[Black "GoIrish"]
[Result "1-0"]
[WhiteElo "1374"]
[BlackElo "1399"]
[Opening "French: exchange variation"]
[ECO "C01"]
[Time "14:00:56"]
[TimeControl "2700+45"]

1. e4 e6 2. d4 d5 3. exd5 exd5 4. Nc3 Nf6 5. Bd3 c6 6. h3 Bd6 7. Be3 O-O 8. Qd2
b6 9. O-O-O a5 10. Nge2 Ba6 11. g4 Bxd3 12. Qxd3 Qe7 13. Ng3 a4 14. Nf5 Qc7 15.
Nxd6 Qxd6 16. f4 a3 17. b3 Na6 18. Bd2 Nb4 19. Qf3 Rfe8 20. Kb1 Ne4 21. Nxe4
dxe4 22. Bxb4 Qxb4 23. Qe3 Rad8 24. c3 Qe7 25. Rde1 c5 26. Re2 cxd4 27. cxd4
Rxd4 28. Qxd4 e3 29. Rhe1 Qh4 30. Rxe3 Rxe3 31. Qxe3 {Black resigns} 1-0

[Event "Team 45 45 League T88"]
[Site "Internet Chess Club"]
[Date "2021.04.07"]
[Round "1"]
[White "PsyMar"]
[Black "gregorgg"]
[Result "0-1"]
[WhiteElo "1364"]
[BlackElo "1392"]
[Opening "Sicilian defense"]
[ECO "B33"]
[Time "15:30:40"]
[TimeControl "2700+45"]

1. e4 c5 2. Nf3 Nc6 3. d4 cxd4 4. Nxd4 Nf6 5. Nxc6 bxc6 6. e5 Qa5+ 7. Nc3 Qxe5+
8. Be2 e6 9. O-O Bd6 10. f4 Bc5+ 11. Kh1 Qc7 12. Bf3 d5 13. Re1 O-O 14. Ne2 Bd6
15. a4 a5 16. Be3 Ba6 17. Rf1 Rab8 18. Rb1 c5 19. Qc1 Rfc8 20. Bd2 {White
resigns} 0-1